 Dungeon Crawl Stone Soup version 0.18-a0-1773-gec4f98e (webtiles) character file.

502 Peloso the Shield-Bearer (level 6, -1/82 HPs)
             Began as a Minotaur Fighter on Apr 14, 2016.
             Killed from afar by an orc wizard (5 damage)
             ... with a magic dart
             ... on level 5 of the Dungeon.
             The game lasted 00:07:43 (2289 turns).

Peloso the Shield-Bearer (Minotaur Fighter)         Turns: 2289, Time: 00:07:44

Health: -1/82      AC:  9    Str: 25    XL:     6   Next: 95%
Magic:  5/5        EV:  9    Int:  5    God:
Gold:   187        SH: 10    Dex: 12    Spells: 0 memorised, 5 levels left

rFire  + . .     SeeInvis .     a - +0 long sword
rCold  . . .     Gourm    .     b - +0 scale mail
rNeg   . . .     Faith    .     c - +0 shield
rPois  .         Spirit   .     (helmet restricted)
rElec  .         Dismiss  .     v - +0 cloak
rCorr  .         Reflect  .     (no gloves)
SustAt .         Harm     .     D - +0 pair of boots
MR     .....                    B - amulet of rage
Stlth  ..........               F - ring of protection from fire
                                G - +1 ring of slaying

@: berserking, lethally poisoned (-1 -> -3), flying, very quick, not resistant
to hostile enchantments, extremely unstealthy
A: retaliatory headbutt, horns 2
a: Evoke Berserk Rage


You were on level 5 of the Dungeon.
You were hungry.

You visited 1 branch of the dungeon, and saw 5 of its levels.

You collected 187 gold pieces.

Inventory:

Hand Weapons
 a - a +0 long sword (weapon)
 n - a +0 short sword of venom
Armour
 b - a +0 scale mail (worn)
 c - a +0 shield (worn)
 v - a +0 cloak (worn)
 D - a +0 pair of boots (worn)
Jewellery
 B - an amulet of rage (around neck)
 C - an uncursed ring of positive energy
 F - a ring of protection from fire (right hand)
 G - a +1 ring of slaying (left hand)
Wands
 m - a wand of confusion (13/48)
 q - a wand of digging (10/24)
Scrolls
 i - 6 scrolls of identify {unknown}
 j - 8 scrolls of remove curse {unknown}
 k - 2 scrolls of fear {unknown}
 l - 2 scrolls of fog {unknown}
 p - 2 scrolls of recharging {unknown}
 r - a scroll of teleportation {unknown}
 s - a scroll of random uselessness {unknown}
 t - a scroll of immolation {unknown}
 y - a scroll of magic mapping {unknown}
Potions
 d - a potion of might
 z - a potion of curing {unknown}
 A - a potion of ambrosia {unknown}
 E - a potion of invisibility {unknown}
Comestibles
 f - 3 bread rations
 g - a slice of pizza
 h - 3 beef jerkies
 o - 3 fruits
 w - a meat ration


   Skills:
 + Level 4.8 Fighting
 + Level 5.0 Long Blades
 + Level 5.0 Armour
 + Level 3.3 Dodging
 + Level 0.3 Stealth
 + Level 5.5 Shields


You had 5 spell levels left.
You didn't know any spells.

Dungeon Overview and Level Annotations

Branches:
Dungeon (5/15)
 Temple: D:4-7

Altars:
Ashenzari
Gozag
Trog
Yredelemnul

Annotations:
D:4 Blork the orc


Innate Abilities, Weirdness & Mutations

You reflexively headbutt those who attack you in melee.
You have a pair of horns on your head.


Message History

Drink which item? (? for menu, Esc to quit)
It was a potion of berserk rage.
A red film seems to cover your vision as you go berserk!
You feel yourself moving faster!
You feel mighty!
You feel sick. The orc wizard casts a spell at you. The magic dart hits you!
* * * LOW HITPOINT WARNING * * *
The orc wizard hits you but does no damage.
The orc hits you with a short sword.
* * * LOW HITPOINT WARNING * * *
You closely miss the orc wizard. You block the orc wizard's attack. x2
The orc barely misses you.
Unknown command.
Unknown command.
You slash the orc wizard!
The orc wizard is almost dead.
You feel sick.
The orc wizard points at you and mumbles some strange words.
The magic dart hits you!
You die...

# #.......#...
/. #.........#
...#........#
#.........#
#....<...#
####.....#
#......##..
.....#ooo......
#######@).=##..
..........$....
.......###..#..
....... .....
$...... .##..
.....$. ..
....... .......


You could see 2 orc wizards and an orc.

Vanquished Creatures
  An ogre (D:4)
  A scorpion (D:4)
  A gnoll shaman (D:4)
  2 orc wizards
  Ijyb (D:2)
  An iguana (D:4)
  A worker ant (D:5)
  A hound skeleton (D:4)
  6 gnolls
  6 adders
  An ooze (D:3)
  2 worms
  A dart slug (D:3)
  5 giant geckos
  9 orcs
  3 giant cockroaches
  6 goblins
  7 hobgoblins
  4 jackals
  A quokka (D:3)
  A ball python (D:2)
  3 bats
  A giant gecko skeleton (D:4)
  3 giant newts
  5 kobolds
  A quokka skeleton (D:4)
  4 rats
78 creatures vanquished.

Vanquished Creatures (others)
  A goblin (D:1)
1 creature vanquished.

Grand Total: 79 creatures vanquished

Notes
Turn   | Place    | Note
--------------------------------------------------------------
     0 | D:1      | Peloso the Minotaur Fighter began the quest for the Orb.
     0 | D:1      | Reached XP level 1. HP: 19/19 MP: 0/0
   193 | D:1      | Reached XP level 2. HP: 27/27 MP: 1/1
   312 | D:1      | Found a shattered altar of Ashenzari.
   590 | D:2      | Reached XP level 3. HP: 28/33 MP: 2/2
   697 | D:2      | Reached skill level 1 in Dodging
   730 | D:2      | Found a basalt altar of Yredelemnul.
   730 | D:2      | Found a bloodstained altar of Trog.
   795 | D:2      | Noticed Ijyb
   805 | D:2      | Killed Ijyb
   805 | D:2      | Reached XP level 4. HP: 35/40 MP: 3/3
   904 | D:2      | Found an opulent altar of Gozag.
  1422 | D:3      | Reached XP level 5. HP: 34/46 MP: 4/4
  1725 | D:4      | Reached XP level 6. HP: 43/53 MP: 5/5
  1868 | D:4      | Reached skill level 5 in Shields
  2261 | D:4      | Noticed Blork the orc
  2272 | D:5      | Entered Level 5 of the Dungeon
  2281 | D:5      | Reached skill level 5 in Long Blades
  2283 | D:5      | Reached skill level 5 in Armour
  2289 | D:5      | HP: 4/82 [poisoned by a worker ant]
  2289 | D:5      | Killed from afar by an orc wizard

Vault maps used:
D:1:      shiori_arrival_oz, ashenzari_altar_1
D:2:      old_standard_altar, gammafunk_temple_overflow_statue, uniq_iyjb
D:4:      first_bread, kennysheep_small_square, uniq_blork_the_orc
D:5:      minmay_temple_entry_overgrown, serial_corexii_hall,
          corexii_hall_statues_i, corexii_hall_statues_u, grunt_pakellas_basics,
          uniq_sigmund

Skill      XL: |  1  2  3  4  5  6 |
---------------+-------------------+-----
Long Blades    | 3 4 5 |  5.0
Armour         | 4 5 |  5.0
Fighting       | 4 |  4.8
Shields        | 4 5 |  5.5
Dodging        | 1 2 3 |  3.3
Stealth        | |  0.3

Action                   |  1- 3 |  4- 6 || total
-------------------------+-------+-------++-------
Melee: Long sword        |    65 |   129 ||   194
       Headbutt          |    15 |    18 ||    33
  Use: Potion            |       |     3 ||     3
  Eat: Chunk             |       |     4 ||     4
Armor: Scale mail        |    27 |    44 ||    71
Dodge: Dodged            |    23 |    42 ||    65
Block: Shield            |    37 |    89 ||   126
